 Dungeon Crawl Stone Soup version 0.32-a0-665-g3d30ec2550 (webtiles) character file.

Game seed: 9774647050505516861

204469 NexusOfFate the Fighter (level 17, 0/152 HPs)
             Began as a Demigod Necromancer on Mar 9, 2024.
             Slain by a water elemental (12 damage)
             ... led by a merfolk aquamancer
             ... on level 2 of the Shoals on Mar 10, 2024.
             The game lasted 01:03:50 (38885 turns).

NexusOfFate the Fighter (Demigod Necromancer)      Turns: 38885, Time: 01:03:50

Health: 0/152      AC: 10    Str:  9    XL:     17   Next: 76%
Magic:  8/49       EV: 19    Int: 37    God:
Gold:   2388       SH:  0    Dex: 17    Spells: 15/43 levels left

rFire   . . .        D - +4 short sword of Friendship {drain, rElec Will+}
rCold   . . .        (no shield)
rNeg    + . .        C - +0 steam dragon scales
rPois   +            p - +0 hat of the Trilobite {^Contam MP+9 SInv}
rElec   +            H - +0 cloak
rCorr   .            n - +0 pair of gloves
SInv    +            G - +1 pair of boots {Fly}
Will    ++...        b - amulet "Wiqaf" {rPois rN+ Regen+ Dex+3}
Stlth   +++          V - ring of wizardry
HPRegen 1.25/turn    T - +5 ring of evasion
MPRegen 0.31/turn

%: wizardry (x1)
@: flying
A: high MP 1, forlorn, divine attributes
a: no special abilities


You were on level 2 of the Shoals.
You visited 4 branches of the dungeon, and saw 24 of its levels.
You also visited: Bailey, Gauntlet and Volcano.

You collected 3657 gold pieces.
You spent 1269 gold pieces at shops.

Inventory:

Hand Weapons
 D - the +4 short sword of Friendship (weapon) {drain, rElec Will+}
   (You found it on level 2 of the Lair of Beasts)

   rElec:     It insulates you from electricity.
   Will+:     It increases your willpower.
Missiles
 x - 11 throwing nets
Armour
 n - a +0 pair of gloves (worn)
 p - the +0 hat of the Trilobite (worn) {^Contam MP+9 SInv}
   (You acquired it on level 14 of the Dungeon)

   MP+9:      It affects your magic capacity (+9).
   SInv:      It lets you see invisible.
   ^Contam:   It causes magical contamination when unequipped.
 t - the +1 pair of gloves of Lust {rElec rCorr Int-5 SInv}
   (You acquired it on level 3 of the Lair of Beasts)

   Int-5:     It affects your intelligence (-5).
   rElec:     It insulates you from electricity.
   SInv:      It lets you see invisible.
   rCorr:     It protects you from acid and corrosion.
 C - +0 steam dragon scales (worn)
 G - a +1 pair of boots of flying (worn)
 H - a +0 cloak (worn)
Jewellery
 a - a ring of magical power
 b - the amulet "Wiqaf" (around neck) {rPois rN+ Regen+ Dex+3}
   (You found it on level 9 of the Dungeon)

   [amulet of regeneration]

   Dex+3:     It affects your dexterity (+3).
   rPois:     It protects you from poison.
   rN+:       It protects you from negative energy.
   Regen+:    It increases your rate of health regeneration.
 k - a +6 ring of dexterity
 m - a ring of resist corrosion
 O - the amulet "Livveni" {Will++ Regen+ rCorr}
   (You found it in a Gauntlet)

   [amulet of regeneration]

   Will++:    It greatly increases your willpower.
   Regen+:    It increases your rate of health regeneration.
   rCorr:     It protects you from acid and corrosion.
 Q - a ring of flight
 S - a +6 ring of strength
 T - a +5 ring of evasion (right hand)
 U - a +4 ring of slaying
 V - a ring of wizardry (left hand)
Wands
 c - a wand of light (6)
 v - a wand of digging (4)
Scrolls
 d - 5 scrolls of blinking {@r4}
 e - 14 scrolls of teleportation {@r3}
 g - 3 scrolls of brand weapon
 i - 4 scrolls of fog {@r2}
 l - 6 scrolls of revelation {@r5}
 o - 6 scrolls of fear
 q - a scroll of poison
 r - 3 scrolls of silence {!r}
 y - a scroll of vulnerability {!r}
 E - a scroll of noise
 F - 8 scrolls of enchant armour
 I - 3 scrolls of amnesia
 K - 5 scrolls of summoning {!r}
 N - 9 scrolls of enchant weapon
 X - a scroll of identify {@r1}
Potions
 f - 12 potions of ambrosia
 h - 7 potions of curing {@q2}
 j - 6 potions of mutation
 s - 7 potions of haste {@q5}
 u - 5 potions of attraction
 z - a potion of invisibility
 A - 2 potions of brilliance
 B - 5 potions of lignification
 J - 2 potions of enlightenment
 L - 7 potions of cancellation
 M - 6 potions of magic
 P - a potion of berserk rage
 Y - 3 potions of heal wounds {@q1}
 Z - 6 potions of might {@q3}
Miscellaneous
 w - a phial of floods
 R - a lightning rod (1/4)
 W - a phantom mirror


   Skills:
 + Level 14.1 Fighting
 - Level 5.0 Armour
 - Level 5.0 Dodging
 - Level 5.0 Stealth
 - Level 5.0 Shields
 + Level 13.6 Spellcasting
 - Level 12.0 Conjurations
 - Level 10.0 Summonings
 - Level 4.0 Necromancy
 - Level 5.0 Translocations
 - Level 6.0 Fire Magic
 - Level 6.9 Air Magic
 - Level 5.0 Alchemy


You had 15 spell levels left.
You knew the following spells:

 Your Spells              Type           Power      Damage    Failure   Level
a - Necrotise             Necr           100%       1d9       1%          1
b - Blink                 Tloc           100%       N/A       1%          2
c - Arcjolt               Conj/Air       38%        1d48      1%          5
d - Plasma Beam           Fire/Air       32%        2x1d45    6%          6
o - Olgreb's Toxic Radia  Alch           58%        N/A       1%          4
s - Spellforged Servitor  Conj/Summ      41%        N/A       6%          7
S - Swiftness             Air            66%        N/A       1%          3

Your spell library contained the following spells:

 Spells                   Type           Power      Damage    Failure   Level
 Magic Dart               Conj           100%       1d8       0%          1
 Apportation              Tloc           100%       N/A       1%          1
 Foxfire                  Conj/Fire      100%       2x1d9     1%          1
 Shock                    Conj/Air       100%       1d9       1%          1
 Slow                     Hex            100%       N/A       1%          1
 Sting                    Conj/Alch      100%       1d9       1%          1
 Summon Small Mammal      Summ           100%       N/A       1%          1
 Call Imp                 Summ           100%       N/A       1%          2
 Lesser Beckoning         Tloc           100%       N/A       1%          2
 Mercury Vapours          Alch/Air       100%       N/A       1%          2
 Momentum Strike          Conj/Tloc      100%       3d10      1%          2
 Scorch                   Fire           100%       2d9       1%          2
 Confusing Touch          Hex            25%        N/A       1%          3
 Dazzling Flash           Conj/Hex       100%       N/A       1%          3
 Gell's Gravitas          Tloc           58%        N/A       1%          3
 Inner Flame              Hex/Fire       47%        N/A       1%          3
 Mephitic Cloud           Conj/Alch/Air  71%        N/A       1%          3
 Sigil of Binding         Hex            25%        N/A       1%          3
 Teleport Other           Tloc           58%        N/A       1%          3
 Tukima's Dance           Hex            25%        N/A       1%          3
 Vampiric Draining        Necr           53%        2d9       1%          3
 Volatile Blastmotes      Fire/Tloc      100%       2d18      1%          3
 Airstrike                Air            33%        2d(5-21)  1%          4
 Animate Dead             Necr           53%        N/A       1%          4
 Flame Wave               Conj/Fire      75%        2d17      1%          4
 Manifold Assault         Tloc           58%        N/A       1%          4
 Martyr's Knell           Necr/Summ      67%        N/A       1%          4
 Passage of Golubria      Tloc           58%        N/A       1%          4
 Sticky Flame             Fire/Alch      60%        2d10      1%          4
 Vhi's Electric Charge    Tloc/Air       100%       N/A       1%          4
 Fireball                 Conj/Fire      37%        3d15      1%          5
 Iskenderun's Battlesphe  Conj           85%        2d13      1%          5
 Starburst                Conj/Fire      37%        6d11      2%          6
 Curse of Agony           Necr           53%        N/A       3%          5
 Silence                  Hex/Air        25%        N/A       4%          5
 Yara's Violent Unravell  Hex/Alch       21%        3d10      6%          5
 Dispersal                Tloc           29%        N/A       12%         6
 Maxwell's Capacitive Co  Air            33%        ∞         89%         8
 Lehudib's Crystal Spear  Conj/Erth      31%        10d8      96%         8
 Disjunction              Tloc           29%        N/A       99%         8


Dungeon Overview and Level Annotations

Branches:
Dungeon (15/15)            Temple (0/1) D:5            Lair (5/5) D:9
 Shoals (2/4) Lair:2       Spider (0/4) Lair:2        Slime (0/5) Lair:4
    Orc (2/2) D:10            Elf (0/3) Orc:2        Vaults (0/5) D:14
 Depths (0/4) D:15         Bailey (visited)         Volcano (visited)
Gauntlet (visited)

Shops:
D:2 =   D:3 [:   D:7 =   D:12 *   D:14 !   Orc:1 ?   Orc:2 ([*(:

Annotations:
Lair:5 exclusion: obsidian statue


Innate Abilities, Weirdness & Mutations

You have an increased reservoir of magic. (+10% MP)
You shall have no god before yourself.
Your divine heritage dramatically boosts your attributes as you level up.


Message History

The water elemental attacks as it pursues you!
The water elemental hits you.
The water elemental engulfs you in water!
You cannot cast spells while unable to breathe!
Your lungs strain for air!
The harpy misses you. x3; The harpy barely misses you.
The water elemental completely misses you.
The water elemental hits you!
* * * LOW HITPOINT WARNING * * *
Unknown command.
You cannot cast spells while unable to breathe!
* * * LOW HITPOINT WARNING * * *
Your lungs strain for air!
The harpy claws you.
* * * LOW HITPOINT WARNING * * *
The harpy claws you.
* * * LOW HITPOINT WARNING * * *
The water elemental closely misses you.
The water elemental completely misses you.
The water engulfing you falls away.
You gasp with relief as air once again reaches your lungs.
The harpy claws you!
* * * LOW HITPOINT WARNING * * *
The harpy claws you!
* * * LOW HITPOINT WARNING * * *
The water elemental attacks as it pursues you!
The water elemental hits you.
* * * LOW HITPOINT WARNING * * *
The water elemental engulfs you in water!
You feel much better.
* * * LOW HITPOINT WARNING * * *
Your lungs strain for air!
The water elemental barely misses you. The water elemental closely misses you.
The harpy claws you!
* * * LOW HITPOINT WARNING * * *
The harpy closely misses you. The water engulfing you falls away.
You gasp with relief as air once again reaches your lungs.
The water elemental hits you!
You die...

≈≈≈≈≈≈≈≈≈≈≈≈≈≈≈≈≈≈≈
≈≈≈≈≈≈≈≈≈≈≈≈≈≈≈≈≈≈≈
≈≈≈≈≈≈≈≈≈≈≈≈≈≈≈≈≈≈≈
≈≈≈≈≈≈≈≈≈≈≈≈≈≈≈≈≈≈≈
≈≈≈≈≈≈≈≈≈≈≈≈≈≈≈≈≈≈≈
≈≈≈≈≈≈H≈≈≈≈≈≈≈≈≈≈≈≈
≈≈≈≈≈≈≈≈≈≈≈≈≈≈≈≈≈≈≈
~~~~≈≈≈EE≈≈≈≈≈≈≈≈≈≈
~..~~≈≈≈@≈≈≈≈≈≈≈≈≈≈
~~~~~~~≈≈~~~≈≈≈≈≈≈≈≈≈
~~~~~~~~~..~≈~~~≈≈≈≈
~≈≈~~~.>.....~.~≈≈≈≈
≈≈≈~~
..~~~~.........~~≈≈≈
≈~~~..
#.)....####.~~~≈≈≈≈
≈~~..# #.....##
##..~≈≈≈≈≈ ≈~~~.#
##..~~..###..~~≈≈≈≈≈
≈~~..#
#..<~~~......~~≈≈≈≈≈


You could see 2 water elementals and a harpy (drained).

Vanquished Creatures
  Kirke (D:15)
  Aizul (Shoals:1)
  An orc warlord (Orc:2)
  A minotaur (Gauntlet)
  2 dire elephants (Lair:5)
  An ogre mage (Volcano)
  A vault guard (D:14)
  2 hydras
  A boulder beetle (D:14)
  10 two-headed ogres
  2 catoblepae
  5 centaur warriors
  A merfolk aquamancer (Shoals:2)
  4 death yaks (Lair:1)
  A tengu warrior (D:14)
  2 occultists
  A hell hog (Gauntlet)
  A vampire mage (D:15)
  A hell knight (Volcano)
  4 orc high priests (Orc:2)
  2 skysharks
  2 storm dragon skeletons (D:15)
  2 skeletal warriors (D:15)
  Amaemon (Lair:2)
  A pharaoh ant (Lair:2)
  4 sea snakes
  A flayed ghost (D:9)
  2 lindwurms
  Pikel (D:2)
  5 harpies
  7 orc knights
  2 deep elf pyromancers
  2 necromancers (Lair:5)
  A wolf spider (D:15)
  2 deep elf zephyrmancers (Orc:1)
  11 cyclopes
  4 orc sorcerers (Orc:2)
  13 ugly things
  4 fauns
  5 manticores
  7 kobold blastminers
  A merfolk siren (Shoals:2)
  2 nameless horrors
  A water nymph (Shoals:1)
  12 elephants
  8 cane toads
  5 rime drakes
  Jeremiah (D:7)
  4 torpor snails (Lair:2)
  An orange demon (Lair:2)
  An efreet (D:14)
  9 komodo dragons
  A freezing wraith (D:15)
  Psyche (D:12)
  A queen bee (D:11)
  A queen bee (shapeshifter) (D:15)
  3 merfolk
  4 polar bears
  2 wind drakes (Shoals:1)
  A hornet (D:10)
  A troll (Orc:1)
  Prince Ribbit (D:5)
  A spectral elephant (Lair:5)
  14 blink frogs
  A snapping turtle (Shoals:1)
  6 slime creatures
  A spriggan skeleton (D:15)
  A jumping spider (Lair:2)
  Sigmund (D:5)
  A vampire (D:12)
  A water elemental (Shoals:2)
  15 yaks
  A yak (shapeshifter) (D:15)
  8 wyverns
  7 wraiths
  4 fire bats
  3 humans (D:14)
  3 wargs
  Grum (D:5)
  A redback (Lair:2)
  4 steam dragons
  9 basilisks
  A hog (D:15)
  3 vampire mosquitoes (D:12)
  3 acid dragons
  Menkaure (D:6)
  6 water moccasins
  3 hell hounds (Gauntlet)
  A swamp drake (Orc:1)
  3 ice beasts
  41 orc warriors
  3 black bears
  A sky beast (D:7)
  A wolf (Lair:5)
  5 centaurs
  12 ogres
  An elephant skeleton (Lair:5)
  3 lemures
  4 kobold brigands
  18 bullfrogs
  9 gnoll sergeants
  5 scorpions
  2 jellies
  6 wights
  35 killer bees
  2 electric eels (D:15)
  2 vampire bats (D:15)
  A crimson imp (Orc:1)
  A bombardier beetle (D:4)
  3 gnoll boudas
  11 hounds
  24 orc priests
  An iron imp (Orc:1)
  2 iguanas
  Ijyb (D:3)
  31 orc wizards
  41 gnolls
  10 adders
  2 shadow imps
  4 white imps
  6 ribbon worms
  3 dart slugs (D:1)
  133 orcs
  6 ball pythons
  13 endoplasms
  11 goblins
  7 hobgoblins
  9 jackals
  21 kobolds
  4 quokkas (D:1)
  17 bats
  2 frilled lizards (D:3)
  3 rats (D:1)
  A spectral orc (D:12)
805 creatures vanquished.

Vanquished Creatures (collateral kills)
  Rupert (D:12)
  An orc warlord (D:10)
  2 dire elephants (Lair:5)
  A fire dragon (Lair:1)
  A rakshasa (D:10)
  3 vault guards (D:14)
  A boulder beetle (Lair:4)
  2 centaur warriors
  2 spectral dire elephants (Lair:5)
  A skyshark (Shoals:1)
  3 skeletal warriors (D:12)
  A spectral anaconda (Lair:5)
  5 sea snakes
  A spectral death yak (Lair:5)
  4 harpies
  3 necromancers
  5 manticores
  8 ugly things
  A deep elf pyromancer (D:14)
  8 elephants
  2 merfolk sirens
  8 cyclopes
  2 fauns (Shoals:1)
  2 black mambas
  A torpor snail (Lair:5)
  A rime drake (Lair:5)
  3 cane toads
  4 komodo dragons
  2 efreet
  A troll (D:12)
  8 merfolk
  A wind drake (Shoals:1)
  5 blink frogs
  A blink frog (shapeshifter) (D:14)
  3 spectral elephants (Lair:5)
  3 snapping turtles
  A wraith (D:12)
  A water elemental (Shoals:1)
  4 slime creatures (D:12)
  12 yaks (Lair:5)
  A hog (D:15)
  2 humans (D:14)
  A dire elephant simulacrum (Lair:5)
  A warg (D:10)
  A basilisk (Lair:5)
  7 vampire mosquitoes (D:14)
  A death yak simulacrum (Lair:5)
  2 spectral cane toads (Lair:5)
  5 water moccasins
  An elephant zombie (Lair:5)
  4 wolves (Lair:5)
  2 centaurs (D:14)
  2 elephant skeletons (Lair:5)
  A phantom (D:7)
  A cane toad simulacrum (Lair:5)
  2 elephant simulacra (Lair:5)
  A howler monkey (D:14)
  3 hounds (D:5)
  A sleepcap (D:6)
  An iguana (D:5)
  A gnoll (D:5)
  A shadow imp (D:7)
  A white imp (D:7)
  A ribbon worm (D:5)
  An orc (D:9)
  A bat (D:2)
  A hobgoblin (D:2)
  A ball python (D:4)
  A rat (D:2)
168 creatures vanquished.

Vanquished Creatures (others)
  A vault guard (D:14)
  A centaur warrior (D:14)
  2 humans (D:14)
  A bullfrog (D:7)
  2 wights (D:7)
  A sleepcap (D:7)
8 creatures vanquished.

Grand Total: 981 creatures vanquished

Notes
Turn   | Place    | Note
-------+----------+-------------------------------------------
     0 | D:1      | NexusOfFate the Demigod Necromancer began the quest for the
                  | Orb.
     0 | D:1      | Reached XP level 1. HP: 14/14 MP: 5/5
   317 | D:1      | Reached XP level 2. HP: 20/20 MP: 2/7
   572 | D:1      | HP: 1/30 [gnoll/+0 spear (1)]
   576 | D:1      | Reached XP level 3. HP: 3/26 MP: 4/9
  1656 | D:2      | HP: 1/26 [hobgoblin (2)]
  1657 | D:2      | Reached XP level 4. HP: 1/33 MP: 3/11
  1810 | D:2      | Found Zemijayz's Jewellery Shop.
  2764 | D:3      | Noticed Ijyb
  2775 | D:3      | Killed Ijyb
  2776 | D:3      | Reached skill level 1 in Fighting
  2933 | D:3      | Found Japir's Antique Armour Shop.
  3053 | D:3      | Found Feow's Book Boutique.
  3209 | D:3      | Reached XP level 5. HP: 37/40 MP: 10/14
  3577 | D:3      | Learned a level 2 spell: Blink
  3577 | D:3      | Identified a scroll of acquirement
  3578 | D:3      | Acquired 886 gold pieces
  3629 | D:3      | Bought a Young Poisoner's Handbook for 280 gold pieces
  3634 | D:3      | Learned a level 4 spell: Olgreb's Toxic Radiance
  3660 | D:4      | Reached skill level 1 in Alchemy
  3867 | D:4      | Reached skill level 1 in Translocations
  4043 | D:4      | Noticed Pikel
  4301 | D:2      | Killed Pikel
  4302 | D:2      | Reached skill level 3 in Fighting
  4302 | D:2      | Reached XP level 6. HP: 34/51 MP: 3/15
  4302 | D:2      | Reached XP level 7. HP: 38/57 MP: 3/16
  4949 | D:5      | Entered Level 5 of the Dungeon
  4977 | D:5      | Reached skill level 4 in Fighting
  5131 | D:5      | Reached skill level 5 in Alchemy
  5173 | D:5      | Noticed Grum
  5338 | D:5      | Reached skill level 5 in Fighting
  5473 | D:5      | Reached XP level 8. HP: 68/68 MP: 11/18
  5517 | D:5      | Found a staircase to the Ecumenical Temple.
  5592 | D:5      | Killed Grum
  5593 | D:5      | Reached skill level 5 in Spellcasting
  6579 | D:5      | Noticed Prince Ribbit
  6586 | D:5      | Killed Prince Ribbit
  6587 | D:5      | Reached XP level 9. HP: 65/74 MP: 14/24
  6668 | D:5      | Noticed Sigmund
  6675 | D:5      | Killed Sigmund
  7014 | D:6      | Noticed Menkaure
  7017 | D:6      | Killed Menkaure
  8714 | D:7      | Noticed a cyan ugly thing
  8717 | D:7      | Reached skill level 1 in Shields
  8717 | D:7      | Reached skill level 10 in Spellcasting
  8729 | D:7      | Killed a cyan ugly thing
  8730 | D:7      | Reached XP level 10. HP: 81/81 MP: 1/28
  9067 | D:7      | Found Voanoad's Jewellery Shop.
  9145 | D:7      | Identified the +8 morningstar of Sesko {drain, rElec rC-
                  | Int+3 SInv}
  9361 | D:7      | Noticed Jeremiah
  9369 | D:7      | Killed Jeremiah
  9370 | D:7      | Reached skill level 5 in Shields
  9801 | D:8      | Noticed a two-headed ogre
  9814 | D:8      | Killed a two-headed ogre
  9815 | D:8      | Reached skill level 5 in Dodging
  9967 | D:8      | Reached skill level 1 in Armour
 10875 | D:9      | Found a staircase to the Lair.
 10898 | D:9      | Noticed an elephant
 10911 | D:9      | Killed an elephant
 11691 | D:9      | Reached XP level 11. HP: 72/86 MP: 1/29
 11830 | D:9      | Found a runed translucent door.
 12003 | D:9      | Reached skill level 5 in Translocations
 12101 | D:9      | Reached skill level 5 in Armour
 12652 | D:9      | Noticed a flayed ghost
 12667 | D:9      | Killed a flayed ghost
 12722 | D:9      | Identified the amulet "Wiqaf" {rPois rN+ Regen+ Dex+3}
 12865 | D:10     | Entered Level 10 of the Dungeon
 12907 | D:10     | Reached skill level 6 in Fighting
 13011 | D:10     | Found a flagged portal.
 13067 | Bailey   | Entered a bailey
 13649 | D:10     | Noticed an angel
 13659 | D:10     | Noticed a two-headed ogre
 13668 | D:10     | Killed a two-headed ogre
 13669 | D:10     | Reached skill level 7 in Fighting
 13944 | D:10     | Found a staircase to the Orcish Mines.
 14047 | D:10     | Noticed a two-headed ogre
 14057 | D:10     | Killed a two-headed ogre
 14058 | D:10     | Reached skill level 8 in Fighting
 14212 | D:10     | Noticed a centaur warrior
 14222 | D:10     | Killed a centaur warrior
 14489 | D:10     | Noticed a centaur warrior
 14490 | D:10     | Noticed a deep elf pyromancer
 14497 | D:10     | Killed a deep elf pyromancer
 14498 | D:10     | Killed a centaur warrior
 14499 | D:10     | Reached skill level 9 in Fighting
 15000 | D:10     | Noticed a catoblepas
 15002 | D:10     | Noticed a rakshasa
 15011 | D:10     | Killed a catoblepas
 15027 | D:10     | Killed a rakshasa
 15028 | D:10     | Reached skill level 10 in Fighting
 15037 | D:10     | Got the Elucidation of Arcane Weapons
 15211 | Orc:1    | Entered Level 1 of the Orcish Mines
 15218 | Orc:1    | Noticed an orc warlord
 15632 | Orc:1    | Reached skill level 1 in Summonings
 15646 | D:10     | Reached XP level 12. HP: 55/106 MP: 5/30
 16206 | Orc:1    | Reached skill level 5 in Stealth
 16388 | Orc:1    | Found the +2 hat of the Bear Spirit {Spirit, Bear, *Rage
                  | Will++}
 16401 | Orc:1    | Reached skill level 5 in Summonings
 16580 | Orc:1    | Found Veynonk's Magic Scroll Shoppe.
 16652 | Orc:1    | Bought a scroll of amnesia for 52 gold pieces
 16652 | Orc:1    | Bought a scroll of enchant armour for 97 gold pieces
 16652 | Orc:1    | Bought 2 scrolls of identify for 52 gold pieces
 17071 | Orc:2    | Entered Level 2 of the Orcish Mines
 17455 | Orc:2    | Found a staircase to the Elven Halls.
 17945 | Orc:2    | Paralysed by an orc sorcerer for 3 turns
 18347 | Orc:2    | Reached XP level 13. HP: 50/113 MP: 2/31
 18552 | Orc:2    | Noticed an orc warlord
 18577 | Orc:2    | Found Wunefov's Antique Weapon Shop.
 18579 | Orc:2    | Killed an orc warlord
 18759 | Orc:2    | Reached skill level 10 in Summonings
 19111 | Orc:2    | Found Qab Mio's General Store.
 19112 | Orc:2    | Found Ucist's Book Shop.
 19114 | Orc:2    | Found Caerhump's Antique Armour Boutique.
 19114 | Orc:2    | Found Ahankontafuk's Antique Weapon Boutique.
 19129 | Orc:2    | Bought a scroll of identify for 30 gold pieces
 19720 | Lair:1   | Entered Level 1 of the Lair of Beasts
 19728 | Lair:1   | Reached skill level 1 in Conjurations
 19738 | Lair:1   | Learned a level 3 spell: Swiftness
 19839 | Lair:1   | Found a gate leading to a gauntlet.
 19860 | Gauntlet | Entered a Gauntlet
 19860 | Gauntlet | Found a transporter.
 19863 | Gauntlet | Found a transporter.
 19865 | Gauntlet | Found a transporter.
 19868 | Gauntlet | Found a transporter.
 19868 | Gauntlet | Found a transporter.
 19869 | Gauntlet | Found a transporter.
 19882 | Gauntlet | Found a transporter.
 19883 | Gauntlet | Found a transporter.
 19944 | Gauntlet | Found a transporter.
 19956 | Gauntlet | Found a transporter.
 19960 | Gauntlet | Found a transporter.
 19976 | Gauntlet | Found a transporter.
 20053 | Gauntlet | HP: 2/113 [fire bat (6)]
 20151 | Gauntlet | Identified the amulet "Livveni" {Will++ Regen+ rCorr}
 20165 | Gauntlet | Noticed a minotaur
 20178 | Gauntlet | Killed a minotaur
 20248 | Lair:1   | Found a dark tunnel.
 20256 | Volcano  | Entered a volcano
 20521 | Volcano  | Reached skill level 5 in Conjurations
 20910 | Lair:1   | Learned a level 7 spell: Spellforged Servitor
 22289 | Lair:1   | Got the Grimoire of the Guardian
 22572 | Lair:2   | Found a staircase to the Shoals.
 23070 | Lair:2   | Found a hole to the Spider Nest.
 23172 | Lair:2   | Noticed Amaemon
 23186 | Lair:2   | Killed Amaemon
 23187 | Lair:2   | Reached skill level 1 in Air Magic
 23189 | Lair:2   | Identified the +7 falchion of the Doomed Warrior {venom,
                  | Int+3 Stlth+}
 23577 | D:3      | Bought a book of Lightning for 504 gold pieces
 23583 | D:3      | Learned a level 5 spell: Arcjolt
 24012 | Lair:2   | Identified the +4 short sword of Friendship {drain, rElec
                  | Will+}
 24183 | Lair:2   | Reached XP level 14. HP: 91/121 MP: 6/32
 24687 | Lair:3   | Identified the +0 ring mail "Upaadott" {Will++}
 25853 | Lair:3   | Reached skill level 10 in Conjurations
 25853 | Lair:3   | Reached skill level 5 in Air Magic
 26103 | Lair:3   | Identified the +0 chain mail of the Skies Above {^Drain
                  | rF+++ Regen+ Int+2}
 26920 | Lair:3   | Learned a level 6 spell: Plasma Beam
 26920 | Lair:3   | Reached XP level 15. HP: 126/126 MP: 33/33
 26921 | Lair:3   | Reached skill level 5 in Fire Magic
 26921 | Lair:3   | Reached XP level 16. HP: 134/134 MP: 35/35
 27649 | Lair:4   | Found a staircase to the Slime Pits.
 27893 | Lair:5   | Entered Level 5 of the Lair of Beasts
 28982 | Lair:5   | Identified the +1 leather armour of Beamy {rN+ Will+}
 30858 | D:11     | Reached skill level 11 in Fighting
 31476 | D:12     | Found Gushra Qufa's General Store.
 31479 | D:12     | Bought a potion of cancellation for 104 gold pieces
 31482 | D:12     | Noticed Rupert
 31484 | D:12     | Killed Rupert
 31654 | D:12     | Noticed Psyche
 31656 | D:12     | Killed Psyche
 33566 | D:14     | Reached XP level 17. HP: 92/146 MP: 2/37
 33570 | D:14     | Reached skill level 12 in Fighting
 34518 | D:14     | Found Uruo's Distillery.
 34523 | D:14     | Bought 2 potions of heal wounds for 150 gold pieces
 34650 | D:14     | Found a gate to the Vaults.
 34770 | D:14     | Acquired the +1 pair of gloves of Lust {rElec rCorr Int-5
                  | SInv}
 34771 | D:14     | Acquired the +0 hat of the Trilobite {^Contam MP+9 SInv}
 34818 | D:15     | Entered Level 15 of the Dungeon
 35420 | D:15     | Found a staircase to the Depths.
 35678 | D:15     | Noticed Kirke
 35682 | D:15     | Killed Kirke
 36112 | D:15     | Reached skill level 13 in Fighting
 36724 | Shoals:1 | Entered Level 1 of the Shoals
 38510 | Shoals:2 | Identified the serpent talisman of Fallacy {rElec rF- rN+++
                  | Will++}
 38510 | Shoals:2 | Noticed Aizul
 38529 | Shoals:1 | Killed Aizul
 38850 | Shoals:2 | Reached skill level 14 in Fighting
 38885 | Shoals:2 | Slain by a water elemental

Illustrated notes

Levels and vault maps discovered:
D:1:      amcnicky_arrival_underground_garden, layout_loops_ring,
          hellmonk_ecumenical_altar_defaced_shrine, minmay_split_cup_large
D:2:      layout_rooms, serial_shops, shop
D:3:      layout_basic, serial_shops, shop, shop_fountains, minmay_quantized,
          uniq_ijyb
D:4:      layout_cave_pools, chei_slow_surprise, uniq_pikel
D:5:      layout_cave_pools, lemuel_round_altar,
          minmay_temple_entry_gardened_gates, serial_gnoll_camp,
          gnoll_camp_mini_basic, gnoll_camp_mini_basic, gnoll_camp_medium_01,
          gnoll_camp_huts_basic, grums_kennel, uniq_prince_ribbit1, uniq_sigmund
D:6:      layout_cave_pools, mainiacjoe_overflow_cross_hatched, uniq_menkaure
D:7:      layout_basic, serial_shops, shop, grunt_potential, uniq_jeremiah
D:8:      layout_basic
D:9:      due_megacathedral, layout_loops_ring,
          grunt_temple_overflow_forces_of_nature,
          grunt_temple_overflow_magic_moments, old_standard_altar,
          grunt_temple_overflow_open, david_lair_generic, special_room
          [special_room_orc], minivault_19
D:10:     minmay_tri_box, layout_loops_cross,
          grunt_temple_overflow_order_and_chaos_1, hiddenorc1_lemuel,
          enter_bailey_5
D:11:     layout_roguey [special_room_bee]
D:12:     layout_long_grid, serial_shops, nicolae_shop_trees,
          nicolae_hepliaklqana_monster_ancestors, uniq_rupert, uniq_psyche
D:13:     layout_loops_ring, fedhas_altar_3
D:14:     layout_rooms, ximxim_vaults_locker_room, serial_shops,
          nicolae_shop_rolling_square
D:15:     gammafunk_depths_entry_grave, layout_loops_ring,
          chequers_decorated_corner, minmay_strange_pillars, roderic_batcave,
          serial_bayou_pond_b, uniq_kirke
Lair:1:   dragon1_lemuel, layout_chaotic_city, lightli_volcano_entry_magma_tube,
          gauntlet_entry_generic, nicolae_lair_grazing_beasts
          [nicolae_sub_lair_graze_edge, nicolae_sub_lair_graze_edge,
          nicolae_sub_lair_graze_edge, nicolae_sub_lair_graze_edge],
          lemuel_fruit_tree
Lair:2:   layout_cave_shapes, elwin_shoals_entry_rocks,
          nicolae_spider_entry_lesser_pyramids, kennysheep_snail_temple,
          uniq_amaemon
Lair:3:   regret_index_malice_mire, layout_gridlike, small_statue_intersection,
          grunt_megastairs_4, serial_bayou_shore_b
Lair:4:   layout_loops_ring, slime_entry_1, patterned_corridor
Lair:5:   due_jungle_book, layout_regular_city, bh_autumn_forest_stairs,
          serial_bayou_pond_a, grunt_megastairs_1
Shoals:1: layout_shoals, st_shoals_ruin
Shoals:2: layout_shoals, serial_shops, nicolae_shop_rolling_square, st_cyclops,
          uniq_aizul
Orc:1:    layout_diamond_mine, serial_shops, shop, hangedman_minor_magic
Orc:2:    st_orc_congregation, layout_diamond_mine, serial_shops,
          nicolae_shop_trees

Skill      XL: |  1  2  3  4  5  6  7  8  9 10 11 12 13 14 15 16 17 |
---------------+----------------------------------------------------+-----
Stealth        | 2 3 5 |  5.0
Dodging        | 2 5 |  5.0
Spellcasting   | 2 3 4 7 10 11 13 | 13.6
Necromancy     | 4 |  4.0
Fighting       | 1 3 5 10 11 14 | 14.1
Alchemy        | 3 5 |  5.0
Translocations | 2 4 5 |  5.0
Shields        | 3 5 |  5.0
Armour         | 4 5 |  5.0
Summonings     | 1 9 10 | 10.0
Conjurations   | 9 10 12 | 12.0
Air Magic      | 3 6 |  6.9
Fire Magic     | 2 5 6 |  6.0

Action                     |  1- 3 |  4- 6 |  7- 9 | 10-12 | 13-15 | 16-18 || total
---------------------------+-------+-------+-------+-------+-------+-------++-------
  Melee: Long sword        |    11 |     7 |       |       |       |       ||    18
         Whip              |       |    29 |    16 |       |       |       ||    45
         Staff             |       |       |    42 |    56 |       |       ||    98
         Morningstar       |       |       |       |   166 |    93 |    65 ||   324
         Short sword       |       |       |       |       |       |     7 ||     7
   Cast: Necrotise         |    87 |   119 |   188 |   164 |   196 |     9 ||   763
         Blink             |       |     3 |       |     6 |     3 |     1 ||    13
         Olgreb's Toxic Ra |       |       |    56 |   227 |   162 |    39 ||   484
         Spellforged Servi |       |       |       |       |     9 |    54 ||    63
         Arcjolt           |       |       |       |       |    19 |    22 ||    41
         Swiftness         |       |       |       |       |     1 |     1 ||     2
         Plasma Beam       |       |       |       |       |       |   170 ||   170
  Evoke: Wand              |       |       |    12 |    33 |     7 |     4 ||    56
         Phantom mirror    |       |       |       |       |     1 |       ||     1
         Lightning rod     |       |       |       |       |       |     4 ||     4
    Use: Potion            |     4 |     1 |     2 |     2 |     7 |     3 ||    19
         Scroll            |       |     2 |     6 |    10 |     9 |     3 ||    30
   Stab: Distracted        |       |     1 |       |     2 |       |     2 ||     5
         Sleeping          |       |       |       |     2 |     1 |       ||     3
         Invisible         |       |       |       |       |     1 |       ||     1
 Armour: Robe              |    44 |    56 |   124 |       |       |       ||   224
         Skin              |    10 |       |       |       |       |       ||    10
         Steam dragon scal |       |       |    20 |   253 |   232 |   153 ||   658
  Dodge: Dodged            |    37 |    47 |    91 |   263 |   261 |   226 ||   925
  Block: Buckler           |       |       |     1 |   113 |    72 |       ||   186

Table legend: (Time is in decaauts)
 A = Elapsed time spent in this place.
 B = Non-inter-level travel time spent in this place.
 C = Inter-level travel time spent in this place.
 D = Time resting spent in this place.
 E = Time spent auto-exploring this place.
 F = Levels seen in this place.
 G = Mean time per level.
                   A        B        C        D        E       F      G
               +--------+--------+--------+--------+--------+-----+--------+
         Total |  39181 |  36623 |   2558 |   4706 |  26982 |  27 | 1451.1 |
       Dungeon |  22258 |  20640 |   1618 |   2631 |  15381 |  15 | 1483.9 |
          Lair |   9461 |   8724 |    737 |    962 |   6635 |   5 | 1892.2 |
        Shoals |   2161 |   2127 |     34 |    152 |   1725 |   2 | 1080.5 |
  Orcish Mines |   3804 |   3636 |    168 |    757 |   2299 |   2 | 1902.0 |
        Bailey |    532 |    532 |      0 |      0 |    388 |   1 |  532.0 |
       Volcano |    645 |    645 |      0 |    144 |    427 |   1 |  645.0 |
      Gauntlet |    317 |    317 |      0 |     60 |    127 |   1 |  317.0 |
               +--------+--------+--------+--------+--------+-----+--------+

Top non-repeatable levels by time:
    D:10: 2756 daAuts
     D:9: 2673 daAuts
  Lair:3: 2323 daAuts
  Lair:5: 2182 daAuts
   Orc:2: 2141 daAuts
  Lair:1: 2015 daAuts
  Lair:2: 1985 daAuts
     D:5: 1973 daAuts
Shoals:1: 1940 daAuts
   Orc:1: 1662 daAuts
    D:15: 1654 daAuts
     D:3: 1614 daAuts
     D:6: 1544 daAuts
    D:14: 1457 daAuts
     D:1: 1444 daAuts
